% Time on Ice - CALGARY FIREMEN
Lines # - Real PCT - Wanted PCT - Time Play
Normal Forward
1 - 35% - 34% - 16:38
2 - 32% - 31% - 15:21
3 - 26% - 25% - 12:34
4 - 7% - 10% - 3:21
Normal Defense
1 - 33% - 34% - 15:59
2 - 33% - 31% - 15:47
3 - 29% - 25% - 14:04
4 - 4% - 10% - 2:04
PP Forward
1 - 60% - 50% - 1:11
2 - 40% - 50% - 0:48
PP Defense
1 - 60% - 50% - 1:11
2 - 40% - 50% - 0:48
PK Forward
1 - 53% - 50% - 5:15
2 - 47% - 50% - 4:40
PK Defense
1 - 56% - 50% - 5:32
2 - 44% - 50% - 4:23
PK3 Forward
1 - 0% - 50%
2 - 0% - 50%
PK3 Defense
1 - 0% - 50%
2 - 0% - 50%
44 Forward
1 - 0% - 55%
2 - 0% - 45%
44 Defense
1 - 0% - 55%
2 - 0% - 45%
Last Minute Offensive  - 0:00
Last Minute Defensive  - 0:12
Total
Forward - 60:00
Defense - 60:00
% Time on Ice - KANSAS CITY KILLERBEES
Lines # - Real PCT - Wanted PCT - Time Play
Normal Forward
1 - 35% - 32% - 16:38
2 - 19% - 31% - 9:03
3 - 19% - 29% - 8:57
4 - 28% - 8% - 13:24
Normal Defense
1 - 35% - 36% - 16:37
2 - 35% - 35% - 16:58
3 - 25% - 28% - 12:10
4 - 5% - 1% - 2:17
PP Forward
1 - 52% - 55% - 5:12
2 - 48% - 45% - 4:43
PP Defense
1 - 43% - 50% - 4:15
2 - 57% - 50% - 5:40
PK Forward
1 - 70% - 55% - 1:23
2 - 30% - 45% - 0:36
PK Defense
1 - 61% - 50% - 1:12
2 - 39% - 50% - 0:47
PK3 Forward
1 - 0% - 55%
2 - 0% - 45%
PK3 Defense
1 - 0% - 50%
2 - 0% - 50%
44 Forward
1 - 0% - 55%
2 - 0% - 45%
44 Defense
1 - 0% - 50%
2 - 0% - 50%
Last Minute Offensive  - 0:04
Last Minute Defensive  - 0:00
Total
Forward - 60:00
Defense - 60:00
Play-by-Play 1st period 0:01 of 1st period - Alexander DeBrincat wins face-off versus Ryan Johansen in neutral zone. 0:22 of 1st period - Shot by Ryan Johansen. 0:22 of 1st period - Stopped by John Gibson with a rebound. 0:24 of 1st period - Shot by Andy Greene. 0:24 of 1st period - Shot Misses the Net. 0:28 of 1st period - Shot by Viktor Arvidsson. 0:28 of 1st period - Stopped by John Gibson with a rebound. 0:30 of 1st period - Shot by Andy Greene. 0:30 of 1st period - Stopped by John Gibson without a rebound. 0:31 of 1st period - Peter Cehlarik wins face-off versus Adam Henrique in KANSAS CITY KILLERBEES zone. 1:06 of 1st period - Peter Cehlarik is hit by Alex Tuch and loses puck. 1:28 of 1st period - Off-side. 1:29 of 1st period - Ryan Kesler wins face-off versus Christopher Brown in neutral zone. 1:41 of 1st period - Shot by Ryan Kesler. 1:41 of 1st period - Shot Blocked by Ryan Graves. 2:17 of 1st period - Shot by Alexander DeBrincat. 2:17 of 1st period - Stopped by Devan Dubnyk without a rebound. 2:18 of 1st period - Luke Glendening wins face-off versus Sean Couturier in CALGARY FIREMEN zone. 3:22 of 1st period - Shot by Filip Forsberg. 3:22 of 1st period - Stopped by John Gibson with a rebound. 3:24 of 1st period - Shot by Viktor Arvidsson. 3:24 of 1st period - Goal by Viktor Arvidsson - CALGARY FIREMEN : 1 - KANSAS CITY KILLERBEES : 0. 3:25 of 1st period - Charlie Coyle wins face-off versus Adam Henrique in neutral zone. 3:40 of 1st period - Shot by Charlie Coyle. 3:40 of 1st period - Stopped by Devan Dubnyk without a rebound. 3:41 of 1st period - Ryan Kesler wins face-off versus Viktor Arvidsson in CALGARY FIREMEN zone. 3:56 of 1st period - Filip Forsberg is hit by Mark Pysyk. 4:22 of 1st period - Shot by Filip Forsberg. 4:22 of 1st period - Shot Misses the Net. 4:29 of 1st period - Icing by Colin Miller. 4:30 of 1st period - Ryan Kesler wins face-off versus Adam Henrique in KANSAS CITY KILLERBEES zone. 4:30 of 1st period - Ryan Kesler is hit by Adam Henrique. 5:04 of 1st period - Shot by Alex Tuch. 5:04 of 1st period - Shot Misses the Net. 5:30 of 1st period - Icing by Ian Cole. 5:31 of 1st period - Mark Stone wins face-off versus Adam Henrique in CALGARY FIREMEN zone. 5:31 of 1st period - Minor Penalty to Ian Cole for Holding. 5:32 of 1st period - Luke Glendening wins face-off versus Sean Couturier in CALGARY FIREMEN zone. 5:57 of 1st period - Shot by Alexander DeBrincat. 5:57 of 1st period - Stopped by Devan Dubnyk without a rebound. 5:58 of 1st period - Paul Stastny wins face-off versus Luke Glendening in CALGARY FIREMEN zone. 6:13 of 1st period - Shot by Paul Stastny. 6:13 of 1st period - Shot Misses the Net. 6:32 of 1st period - Icing by Paul Stastny. 6:33 of 1st period - Luke Glendening wins face-off versus Mattias Janmark in KANSAS CITY KILLERBEES zone. 7:23 of 1st period - Shot by Alexander DeBrincat. 7:23 of 1st period - Stopped by Devan Dubnyk without a rebound. 7:24 of 1st period - Sean Couturier wins face-off versus Oskar Lindblom in CALGARY FIREMEN zone. 7:31 of 1st period - Shot by Sean Couturier. 7:31 of 1st period - Shot Misses the Net. 7:41 of 1st period - Ryan Kesler is hit by Filip Forsberg. 7:57 of 1st period - Shot by Viktor Arvidsson. 7:57 of 1st period - Stopped by John Gibson without a rebound. 7:58 of 1st period - Sean Couturier wins face-off versus Adam Henrique in KANSAS CITY KILLERBEES zone. 7:58 of 1st period - Sean Couturier is hit by Tomas Tatar. 8:07 of 1st period - Sean Couturier is hit by Ian Cole and loses puck. 8:41 of 1st period - Shot by Sean Couturier. 8:41 of 1st period - Deflect By Alexander DeBrincat. 8:41 of 1st period - Shot Blocked by Ian Cole. 8:51 of 1st period - Mark Stone is hit by Adam Henrique and loses puck. 9:28 of 1st period - Shot by Oskar Lindblom. 9:28 of 1st period - Shot Misses the Net. 9:33 of 1st period - Icing by William Nylander. 9:34 of 1st period - Ryan Johansen wins face-off versus Peter Cehlarik in KANSAS CITY KILLERBEES zone. 9:38 of 1st period - Icing by William Nylander. 9:39 of 1st period - Ryan Johansen wins face-off versus Peter Cehlarik in KANSAS CITY KILLERBEES zone. 9:39 of 1st period - Ryan Johansen is hit by Vladislav Gavrikov. 9:41 of 1st period - Shot by Viktor Arvidsson. 9:41 of 1st period - Stopped by John Gibson with a rebound. 10:03 of 1st period - Shot by Ryan Johansen. 10:03 of 1st period - Shot Blocked by Vladislav Gavrikov. 10:15 of 1st period - Shot by Filip Forsberg. 10:15 of 1st period - Shot Blocked by Artturi Lehkonen. 10:17 of 1st period - Shot by Viktor Arvidsson. 10:17 of 1st period - Shot Misses the Net. 10:19 of 1st period - Shot by Ryan Johansen. 10:19 of 1st period - The goal is going for a video replay. 10:19 of 1st period - The goal is refused. 10:20 of 1st period - Sean Couturier wins face-off versus Luke Glendening in KANSAS CITY KILLERBEES zone. 10:20 of 1st period - Sean Couturier is hit by Colton Sceviour. 10:36 of 1st period - Shot by Mark Stone. 10:36 of 1st period - Shot Misses the Net. 10:38 of 1st period - Shot by Mark Pysyk. 10:38 of 1st period - Stopped by Devan Dubnyk without a rebound. 10:39 of 1st period - Ryan Kesler wins face-off versus Austin Czarnik in CALGARY FIREMEN zone. 10:43 of 1st period - Jacob de la Rose is hit by Ian Cole and loses puck. 10:50 of 1st period - Shot by Austin Czarnik. 10:50 of 1st period - Stopped by John Gibson without a rebound. 10:51 of 1st period - Luke Glendening wins face-off versus Sean Couturier in KANSAS CITY KILLERBEES zone. 11:10 of 1st period - Shot by Oskar Lindblom. 11:10 of 1st period - Stopped by John Gibson without a rebound. 11:11 of 1st period - Ryan Johansen wins face-off versus Charlie Coyle in KANSAS CITY KILLERBEES zone. 11:19 of 1st period - Minor Penalty to Jacob Muzzin for Holding. 11:20 of 1st period - Charlie Coyle wins face-off versus Ryan Johansen in KANSAS CITY KILLERBEES zone. 12:42 of 1st period - Shot by Tomas Tatar. 12:42 of 1st period - Stopped by John Gibson with a rebound. 13:28 of 1st period - Shot by Luke Glendening. 13:28 of 1st period - Shot Blocked by Jacob Muzzin. 13:30 of 1st period - Shot by Luke Glendening. 13:30 of 1st period - Stopped by John Gibson without a rebound. 13:31 of 1st period - Sean Couturier wins face-off versus Christopher Brown in KANSAS CITY KILLERBEES zone. 13:31 of 1st period - Mark Stone is hit by Marcus Sorensen and loses puck. 14:01 of 1st period - Shot by Mark Stone. 14:01 of 1st period - Stopped by Devan Dubnyk without a rebound. 14:02 of 1st period - Alex Tuch wins face-off versus Ryan Kesler in CALGARY FIREMEN zone. 14:11 of 1st period - Shot by Tomas Tatar. 14:11 of 1st period - Shot Misses the Net. 14:13 of 1st period - Shot by Alex Tuch. 14:13 of 1st period - Shot Blocked by Hampus Lindholm. 14:17 of 1st period - Shot by Adam Henrique. 14:17 of 1st period - Shot Blocked by Hampus Lindholm. 14:21 of 1st period - Shot by Tomas Tatar. 14:21 of 1st period - Shot Blocked by Ryan Kesler. 14:29 of 1st period - Shot by Alex Tuch. 14:29 of 1st period - Stopped by John Gibson without a rebound. 14:30 of 1st period - Charlie Coyle wins face-off versus Ryan Johansen in KANSAS CITY KILLERBEES zone. 14:47 of 1st period - Filip Forsberg is hit by Mattias Janmark and loses puck. 15:30 of 1st period - Shot by Sean Couturier. 15:30 of 1st period - Shot Blocked by Filip Forsberg. 15:32 of 1st period - Shot by Sean Couturier. 15:32 of 1st period - Stopped by Devan Dubnyk without a rebound. 15:33 of 1st period - Luke Glendening wins face-off versus Ryan Kesler in CALGARY FIREMEN zone. 16:38 of 1st period - Minor Penalty to Gustav Forsling for Hooking. 16:39 of 1st period - Sean Couturier wins face-off versus Luke Glendening in CALGARY FIREMEN zone. 16:50 of 1st period - Shot by Sean Couturier. 16:50 of 1st period - Stopped by Devan Dubnyk without a rebound. 16:51 of 1st period - Paul Stastny wins face-off versus Luke Glendening in CALGARY FIREMEN zone. 17:25 of 1st period - Icing by Paul Stastny. 17:26 of 1st period - Paul Stastny wins face-off versus Oskar Lindblom in KANSAS CITY KILLERBEES zone. 17:57 of 1st period - Andy Greene is hit by Mark Stone and loses puck. 18:25 of 1st period - Icing by Mark Stone. 18:26 of 1st period - Oskar Lindblom wins face-off versus Sean Couturier in KANSAS CITY KILLERBEES zone. 18:29 of 1st period - Shot by Austin Czarnik. 18:29 of 1st period - Shot Misses the Net. 19:02 of 1st period - Shot by Filip Forsberg. 19:02 of 1st period - Shot Misses the Net. 19:14 of 1st period - Shot by Ryan Johansen. 19:14 of 1st period - Shot Misses the Net. 19:18 of 1st period - Shot by Ryan Johansen. 19:18 of 1st period - Shot Misses the Net. Goals for this period are 1 for CALGARY FIREMEN vs 0 for KANSAS CITY KILLERBEES. Shots for this period are 13 for CALGARY FIREMEN vs 8 for KANSAS CITY KILLERBEES. 2nd period 0:01 of 2nd period - Peter Cehlarik wins face-off versus Viktor Arvidsson in neutral zone. 0:15 of 2nd period - Artturi Lehkonen is hit by Jonathon Merrill and loses puck. 0:21 of 2nd period - Artturi Lehkonen is hit by Jonathon Merrill and loses puck. 0:41 of 2nd period - Shot by Artturi Lehkonen. 0:41 of 2nd period - Shot Misses the Net. 1:39 of 2nd period - Icing by Mark Stone. 1:40 of 2nd